 Dungeon Crawl Stone Soup version 0.19-a0-28-g8794423 (webtiles) character file.

6874 Etesian the Destroyer (level 10, -6/63 HPs)
             Began as a Demonspawn Fire Elementalist on May 2, 2016.
             Was an Initiate of Gozag.
             Mangled by a four-headed hydra (11 damage)
             ... on level 1 of the Lair of Beasts.
             The game lasted 00:47:48 (9758 turns).

Etesian the Destroyer (DsFE)                        Turns: 9758, Time: 00:47:48

Health: -6/63      AC: 11    Str:  8    XL:     10   Next: 78%
Magic:  11/29      EV: 14    Int: 20    God:    Gozag
Gold:   1515       SH:  0    Dex: 14    Spells: 5 memorised, 7 levels left

rFire  + . .     SeeInvis .     e - +1 trident (flame)
rCold  x . .     Gourm    .     a - +0 robe
rNeg   . . .     Faith    .     (no shield)
rPois  .         Spirit   .     v - +1 helmet
rElec  .         Dismiss  .     (no cloak)
rCorr  .         Reflect  .     M - +0 pair of gloves
SustAt .         Harm     .     l - +2 pair of boots
MR     .....                    (no amulet)
Stlth  ++........               u - ring of magical power
                                i - ring of fire

@: very slightly contaminated, not resistant to hostile enchantments, unstealthy
A: talons 1, icy blue scales 2, demonic guardian 1, powered by death 1
a: Potion Petition, Call Merchant, Bribe Branch, Renounce Religion


You were on level 1 of the Lair of Beasts.
You worshipped Gozag.
Gozag was noncommittal.
You were not hungry.

You visited 3 branches of the dungeon, and saw 11 of its levels.

You collected 1600 gold pieces.
You spent 22 gold pieces at shops.
You paid 63 gold pieces to Gozag.

Inventory:

Hand Weapons
 e - a +1 trident of flaming (weapon)
 P - a +3 morningstar
Missiles
 G - a throwing net (quivered)
Armour
 a - a +0 robe (worn)
 l - a +2 pair of boots (worn)
 v - a +1 helmet (worn)
 M - a +0 pair of gloves (worn)
Jewellery
 g - an uncursed ring of protection from fire
 i - a ring of fire (left hand)
 u - a ring of magical power (right hand)
 x - a +3 ring of intelligence
 L - an uncursed ring of wizardry
Wands
 f - a wand of lightning (6/15)
 r - a wand of digging (9/24)
 w - a wand of flame (36/48)
 J - a wand of digging (8/24)
Scrolls
 d - a scroll of magic mapping
 k - 5 scrolls of enchant armour
 o - 3 scrolls of amnesia
 y - 2 scrolls of recharging
 F - 3 scrolls of remove curse
 I - a scroll of enchant weapon
Potions
 h - 3 potions of might
 m - a potion of degeneration {unknown}
 n - a potion of berserk rage {unknown}
 p - 4 potions of mutation
 q - a potion of cure mutation {unknown}
 s - a potion of resistance {unknown}
 t - 2 potions of brilliance
 z - a potion of magic {unknown}
 A - 2 potions of flight {unknown}
 B - 3 potions of agility
 D - 3 potions of heal wounds
 E - 3 potions of haste {unknown}
 H - a potion of curing
Books
 b - a book of Flames

   Spells                             Type                      Level
   a - Flame Tongue                   Conjuration/Fire             1
   b - Throw Flame                    Conjuration/Fire             2
   c - Conjure Flame                  Conjuration/Fire             3
   d - Inner Flame                    Hexes/Fire                   3
   e - Sticky Flame                   Conjuration/Fire             4
   f - Fireball                       Conjuration/Fire             5
 O - a book of Frost

   Spells                             Type                      Level
   a - Freeze                         Ice                          1
   b - Throw Frost                    Conjuration/Ice              2
   c - Ozocubu's Armour               Charms/Ice                   3
   d - Throw Icicle                   Conjuration/Ice              4
   e - Summon Ice Beast               Ice/Summoning                4
Comestibles
 c - 2 bread rations
 j - 7 meat rations
 C - 13 fruits
 N - 10 royal jellies


   Skills:
 + Level 6.4 Dodging
 - Level 1.7 Stealth
 + Level 6.9 Spellcasting
 * Level 9.3 Conjurations
 * Level 9.2 Fire Magic
 - Level 0.3 Ice Magic


You had 7 spell levels left.
You knew the following spells:

 Your Spells              Type           Power        Failure   Level  Hunger
a - Flame Tongue          Conj/Fire      #####        1%          1    None
b - Throw Flame           Conj/Fire      ######       1%          2    None
c - Conjure Flame         Conj/Fire      ######..     1%          3    #......
d - Fireball              Conj/Fire      ######....   8%          5    #####..
e - Throw Icicle          Conj/Ice       ##......     14%         4    ###....


Dungeon Overview and Level Annotations

Branches:
Dungeon (9/15)             Temple (1/1) D:5            Lair (1/8) D:9
    Orc: D:9-12

Altars:
Ashenzari
Cheibriados
Dithmenos
Fedhas
Gozag
Kikubaaqudgha
Makhleb
Nemelex Xobeh
Okawaru
Pakellas
Qazlal
Ru
Sif Muna
Trog
Vehumet
Xom
Yredelemnul
Zin
The Shining One

Shops:
D:9 *

Annotations:
Lair:1 Joseph


Innate Abilities, Weirdness & Mutations

You have sharp toenails.
You are mostly covered in icy blue scales (AC +3, EV -1).
A weak demonic guardian rushes to your aid.
You regenerate a little health from kills.


Message History

Aim: a four-headed hydra (heavily wounded)
You feel a numb sensation.
You miscast Throw Icicle.
You are momentarily dazzled by a flash of light!
The four-headed hydra bites you. x2
The four-headed hydra bites you but does no damage.
The four-headed hydra bites you!
* * * LOW HITPOINT WARNING * * *
Your crimson imp hits the four-headed hydra.
You take 23 damage, and have 5/63 hp.
MASSIVE DAMAGE!!
You now have 15/29 mp.
Casting: Throw Icicle
Confirm with . or Enter, or press ? or * to list all spells.
Aiming: Throw Icicle
Press: ? - help, Shift-Dir - straight line, f/p - four-headed hydra
Aim: a four-headed hydra (heavily wounded)
You feel a numb sensation.
The shard of ice hits the four-headed hydra.
The four-headed hydra is severely wounded.
The four-headed hydra bites you!
You die...
Your body crumbles into a pile of gold.

.......## ##.....
........### ##.....
..........# ##.....
..........###....#
...........#.....###
...........#...#.....##
#...).....##..........###
##.........##..##........##
#....(.....##@###....<....#
#.....@....##D##..........#
#...(.(...#.5###..........#
#.........##..##..........#
##.........#..###.........##
#............## ##.......##
#..........#..# #.......#
##..........#.## .#.....##
#..............# ###....##


You could see a four-headed hydra and a friendly crimson imp.

Vanquished Creatures
  A hill giant (D:6)
  A komodo dragon (D:9)
  Grinder (D:3)
  5 blink frogs (Lair:1)
  A vampire (D:9)
  Sigmund (D:3)
  Grum (Lair:1)
  A hippogriff (Lair:1)
  2 water moccasins (Lair:1)
  A porcupine (Lair:1)
  An orc warrior (D:8)
  2 ice beasts
  2 sky beasts
  A necrophage (D:7)
  A phantom (D:4)
  4 ogres
  2 wolves (Lair:1)
  A centaur (D:9)
  2 crocodiles (Lair:1)
  Blork the orc (D:5)
  7 giant frogs
  A wyvern skeleton (D:8)
  2 scorpions (D:5)
  A water moccasin skeleton (D:6)
  8 wights
  5 howler monkeys
  A crimson imp (D:6)
  A giant frog zombie (D:4)
  6 jellies
  5 orc priests
  A giant frog skeleton (D:6)
  3 hounds
  9 orc wizards
  A centaur skeleton (D:6)
  Jessica (D:2)
  Ijyb (D:3)
  Natasha (thrice) (D:2)
  Terence (D:2)
  3 iguanas
  6 worker ants
  3 killer bee zombies
  4 sheep (Lair:1)
  2 hound skeletons (D:4)
  Robin (D:2)
  3 gnolls (D:8)
  13 adders
  5 oozes (D:9)
  An adder skeleton (D:7)
  2 adder zombies
  4 worms
  A dart slug (D:1)
  8 giant geckos
  26 orcs
  2 ball pythons
  5 giant cockroaches
  7 goblins (D:2)
  15 hobgoblins
  17 jackals
  3 quokkas
  14 bats
  A giant gecko skeleton (D:4)
  4 giant newts
  2 jackal skeletons
  6 kobolds
  A quokka skeleton (D:5)
  4 rats
252 creatures vanquished.

Vanquished Creatures (collateral kills)
  A hippogriff (Lair:1)
  A wight (D:9)
  A crimson imp (D:7)
  3 sheep (Lair:1)
  An orc (D:8)
7 creatures vanquished.

Vanquished Creatures (others)
  2 plants (D:9)
2 creatures vanquished.

Grand Total: 261 creatures vanquished

Notes
Turn   | Place    | Note
--------------------------------------------------------------
     0 | D:1      | Etesian the Demonspawn Fire Elementalist began the quest for the Orb.
     0 | D:1      | Reached XP level 1. HP: 13/13 MP: 3/3
   116 | D:1      | Gained mutation: You regenerate a little health from kills. [demonic ancestry]
   116 | D:1      | Reached XP level 2. HP: 19/19 MP: 1/5
   219 | D:1      | Learned a level 2 spell: Throw Flame
   729 | D:2      | Noticed Jessica
   786 | D:2      | Killed Jessica
   786 | D:2      | Reached XP level 3. HP: 24/24 MP: 2/6
   833 | D:2      | Noticed Terence
   948 | D:2      | Killed Terence
   948 | D:2      | Reached XP level 4. HP: 25/30 MP: 0/7
   982 | D:2      | Learned a level 3 spell: Conjure Flame
  1076 | D:2      | Noticed Natasha
  1081 | D:2      | Killed Natasha
  1266 | D:2      | Noticed Natasha
  1271 | D:2      | Killed Natasha
  1271 | D:2      | Gained mutation: You are partially covered in icy blue scales (AC +1). [demonic ancestry]
  1271 | D:2      | Reached XP level 5. HP: 23/35 MP: 3/9
  1376 | D:2      | Noticed Natasha
  1396 | D:2      | Killed Natasha
  1520 | D:2      | Noticed Robin
  1523 | D:2      | Killed Robin
  1790 | D:3      | Noticed Grinder
  1832 | D:3      | Paralysed by Grinder for 4 turns
  1879 | D:3      | Noticed Sigmund
  1954 | D:3      | Killed Sigmund
  1954 | D:3      | Gained mutation: You have sharp toenails. [demonic ancestry]
  1954 | D:3      | Reached XP level 6. HP: 25/41 MP: 10/10
  2044 | D:3      | Found a burning altar of Makhleb.
  2054 | D:3      | Found a stormy altar of Qazlal.
  2054 | D:3      | Found an ancient bone altar of Kikubaaqudgha.
  2110 | D:3      | Paralysed by Grinder for 2 turns
  2116 | D:3      | Killed Grinder
  2116 | D:3      | Reached skill level 5 in Fire Magic
  2116 | D:3      | Gained mutation: You are mostly covered in icy blue scales (AC +3, EV -1). [demonic ancestry]
  2116 | D:3      | Reached XP level 7. HP: 17/46 MP: 6/12
  2421 | D:3      | Noticed Ijyb
  2430 | D:3      | Killed Ijyb
  2573 | D:4      | Learned a level 5 spell: Fireball
  2588 | D:4      | Found an iron altar of Okawaru.
  2634 | D:4      | Found a radiant altar of Vehumet.
  2970 | D:4      | Found a bloodstained altar of Trog.
  3185 | D:5      | Entered Level 5 of the Dungeon
  3424 | D:5      | Reached skill level 5 in Conjurations
  3606 | D:5      | Noticed Blork the orc
  3614 | D:5      | Killed Blork the orc
  3614 | D:5      | Gained mutation: A weak demonic guardian rushes to your aid. [demonic ancestry]
  3614 | D:5      | Reached XP level 8. HP: 47/52 MP: 14/14
  3661 | D:5      | Found a staircase to the Ecumenical Temple.
  3669 | Temple   | Entered the Ecumenical Temple
  3940 | Temple   | Became a worshipper of Gozag Ym Sagoz the Greedy
  4665 | D:6      | Noticed a hill giant
  5084 | D:6      | Found a shattered altar of Ashenzari.
  5398 | D:6      | Found an oddly glowing altar of Pakellas.
  5442 | D:6      | Reached XP level 9. HP: 57/57 MP: 16/16
  5447 | D:6      | Got a bloodstained dagger
  5463 | D:6      | Identified the +6 dagger of the Saviour {antimagic, rElec} (You found it on level 6 of the Dungeon)
  5532 | D:6      | Killed a hill giant
  5532 | D:6      | Reached skill level 5 in Spellcasting
  6082 | D:7      | Found a sparkling altar of Nemelex Xobeh.
  6629 | D:8      | Reached skill level 5 in Dodging
  7340 | D:8      | Found a sacrificial altar of Ru.
  7815 | D:9      | Found a staircase to the Lair.
  7816 | D:9      | Noticed a komodo dragon
  7852 | D:9      | Killed a komodo dragon
  7852 | D:9      | Reached XP level 10. HP: 16/63 MP: 16/19
  8445 | D:9      | Found Lapnidie's Assorted Antiques.
  8456 | D:9      | Bought a scroll labeled XEAREU YMOGITS for 22 gold pieces
  8526 | D:9      | Learned a level 4 spell: Throw Icicle
  8633 | D:9      | Found a shadowy altar of Dithmenos.
  8930 | Lair:1   | Entered Level 1 of the Lair of Beasts
  9244 | Lair:1   | Noticed Grum
  9260 | Lair:1   | Killed Grum
  9742 | Lair:1   | Noticed a four-headed hydra
  9750 | Lair:1   | Noticed Joseph
  9758 | Lair:1   | Mangled by a four-headed hydra

Vault maps used:
D:1:      dpeg_arrival_pits, interstate_on_off
D:2:      uniq_jessica, uniq_natasha, uniq_robin, uniq_terence
D:3:      grunt_temple_overflow_open, first_bread, uniq_grinder, uniq_iyjb,
          uniq_sigmund
D:4:      nicolae_overflow_crystal_walls, nicolae_overflow_hidden_temple,
          old_standard_altar, bloody_trog, kennysheep_generic_room_3
D:5:      minmay_temple_entry_purple_smoke, minivault_26, uniq_blork_the_orc
D:6:      grunt_pakellas_basics, evilmike_ruin_ashenzari
D:7:      overflow_temple_1_default
D:8:      kennysheep_mini_moat
D:9:      nicolae_dithmenos_through_a_glass_darkly, david_lair_shrubbed,
          serial_shops, nicolae_shop_temple_entry_statues_fountains,
          hangedman_little_slice_of_home
Temple:   hc_temple_tempest_star
Lair:1:   uniq_grum, uniq_joseph

Skill      XL: |  1  2  3  4  5  6  7  8  9 10 |
---------------+-------------------------------+-----
Fire Magic     | 3 4 5 6 8 9 |  9.2
Dodging        | 2 3 4 5 6 |  6.4
Conjurations   | 2 3 4 5 6 8 9 |  9.3
Spellcasting   | 3 4 6 |  6.9
Stealth        | |  1.7
Ice Magic      | |  0.3

Action                   |  1- 3 |  4- 6 |  7- 9 | 10-12 || total
-------------------------+-------+-------+-------+-------++-------
Melee: Unarmed           |    13 |       |       |       ||    13
       Mace              |       |    30 |       |       ||    30
       Long sword        |       |       |    38 |       ||    38
       Spear             |       |       |    23 |       ||    23
       Trident           |       |       |    66 |    72 ||   138
 Cast: Flame Tongue      |    49 |    59 |   331 |   110 ||   549
       Throw Flame       |     2 |    22 |    30 |    16 ||    70
       Conjure Flame     |       |     1 |     8 |     6 ||    15
       Fireball          |       |       |     2 |    10 ||    12
       Throw Icicle      |       |       |       |    13 ||    13
  Use: Scroll            |       |       |    16 |     3 ||    19
 Stab: Sleeping          |     1 |       |     4 |     2 ||     7
       Distracted        |       |       |     2 |       ||     2
  Eat: Chunk             |     1 |     5 |     5 |       ||    11
       Pizza             |       |       |     2 |       ||     2
       Beef jerky        |       |       |     1 |     2 ||     3
       Bread ration      |       |       |     2 |     2 ||     4
       Fruit             |       |       |     1 |     1 ||     2
Armor: Robe              |     9 |    16 |   109 |    42 ||   176
Dodge: Dodged            |    22 |    47 |   202 |    59 ||   330
